 Dungeon Crawl Stone Soup version 0.29.0-4-gdea44cf6ec (webtiles) character file.

Game seed: 9532644088831044675

100 qw the Chopper (level 4, 0/26 HPs)
             Began as a Tengu Warper on Aug 28, 2022.
             Slain by an orc priest
             ... wielding a +0 trident
              (8 damage)
             ... on level 3 of the Dungeon.
             The game lasted 00:00:15 (2292 turns).

qw the Chopper (Tengu Warper)                       Turns: 2292, Time: 00:00:15

Health: 0/26       AC: 10    Str: 13    XL:     4   Next: 73%
Magic:  8/8        EV: 11    Int: 14    God:
Gold:   59         SH:  0    Dex: 13    Spells: 7/7 levels left

rFire   . . .      SeeInvis .   Y - +2 hand axe (chaos)
rCold   . . .      Faith    .   (no shield)
rNeg    . . .      Spirit   .   l - +0 ring mail
rPois   +          Reflect  .   (helmet restricted)
rElec   .          Harm     .   e - +0 cloak
rCorr   .          Rampage  .   (no gloves)
Will    .....                   (boots unavailable)
Stlth   +.........              (no amulet)
HPRegen 0.08/turn               d - +4 ring of protection
MPRegen 0.11/turn               a - ring of poison resistance

@: no status effects
A: beak, talons 3
a: no special abilities


You were on level 3 of the Dungeon.
You visited 1 branch of the dungeon, and saw 3 of its levels.

You collected 59 gold pieces.


Innate Abilities, Weirdness & Mutations

You have a beak for a mouth.
You have claws for feet.


   Skills:
 - Level 2.0 Fighting
 + Level 5.2 Axes
 - Level 1.0 Throwing
 - Level 1.1 Armour
 - Level 2.1 Dodging
 - Level 2.0 Spellcasting
 - Level 2.4 Translocations


You had 7 spell levels left.
You didn't know any spells.
Your spell library contained the following spells:

 Spells                   Type           Power      Damage    Failure   Level
 Blink                    Tloc           16%        N/A       28%         2
 Gell's Gravitas          Tloc           8%         N/A       50%         3
 Lesser Beckoning         Tloc           8%         N/A       50%         3
 Teleport Other           Tloc           8%         N/A       50%         3
 Manifold Assault         Tloc           8%         N/A       99%         5

Inventory:

Hand Weapons
 b - a +1 flail of pain
 Y - a +2 hand axe of chaos (weapon)
Armour
 e - a +0 cloak (worn)
 l - a +0 ring mail (worn)
Jewellery
 a - a ring of poison resistance (right hand)
 d - a +4 ring of protection (left hand)
Scrolls
 i - 2 scrolls of identify
Potions
 g - 2 potions of resistance {unknown}
 m - a potion of haste {unknown}

Dungeon Overview and Level Annotations

Branches:
Dungeon (3/15)

Altars:

Shops:
D:2 :


Message History

Something hits you but does no damage. x2
You slash something! You burn something.
Reactivating autopickup.
You feel a bit more experienced.
Your Axes skill increases to level 5!
You see here a +0 hand axe.
b - a +1 flail of pain
2272 ||| DROPPING +0 flail.
You drop a +0 flail.
You see here a +0 hand axe.
Things that are here:
a +0 dagger; a +0 robe; an orc corpse You hear the brisk rusting of a very distant drain. 2 orc priests come into view.
The orc priest shouts!
The orc priest moves out of view.
An orc comes into view. It is wielding a +0 club.
2284 ||| Stepping ~*~*~tactically~*~*~ (hiding).
The orc moves out of view.
You start waiting.
An orc priest is nearby!
An orc comes into view. It is wielding a +0 whip.
The orc priest mumbles some strange prayers to Beogh against you.
Beogh smites you!
The orc priest hits you but does no damage.
You hear a shout!
You barely miss the orc priest. The orc priest closely misses you.
You hit the orc priest.
The orc priest goes berserk!
Your kick misses the orc priest.
The orc priest is moderately wounded.
The orc priest barely misses you.
The orc priest hits you with a +0 trident!
You hit the orc priest. You burn the orc priest. You claw the orc priest.
The orc priest is severely wounded.
The orc priest barely misses you.
You hit the orc priest. You burn the orc priest.
Your kick misses the orc priest.
The orc priest is almost dead.
The orc priest hits you with a +0 trident!
You die...

#.#..##.# #.#
#.#..##.###.#
#.#.........#
####.).))..#####
#....)..####
#.####### #.#
#.# #@#
....ooo.#
#########


You could see 2 orc priests and an orc.

Vanquished Creatures
  An orc wizard (D:3)
  2 adders
  2 worms
  3 orcs (D:3)
  7 ball pythons
  3 bats
  4 endoplasms
  3 giant cockroaches
  3 goblins
  3 hobgoblins (D:1)
  7 kobolds
  A quokka (D:3)
  5 frilled lizards
  6 rats
50 creatures vanquished.

Notes
Turn   | Place    | Note
-------+----------+-------------------------------------------
     0 | D:1      | qw the Tengu Warper began the quest for the Orb.
     0 | D:1      | Reached XP level 1. HP: 12/12 MP: 4/4
     0 | D:1      | 0 ||| qw: Version: 0.1-a-89-g26bdef1
     0 | D:1      | 0 ||| qw: Game counter: 3097
     0 | D:1      | 0 ||| qw: Always use a shield: true
     0 | D:1      | 0 ||| qw: God list: Okawaru
     0 | D:1      | 0 ||| qw: Allow faded altars: false
     0 | D:1      | 0 ||| qw: Do Orc after D:15 true
     0 | D:1      | 0 ||| qw: Do second Lair branch before Depths: true
     0 | D:1      | 0 ||| qw: Lair rune preference: random
     0 | D:1      | 0 ||| qw: Plans: Normal
     0 | D:1      | 0 ||| PLANNING D:1-11
   269 | D:1      | Reached skill level 3 in Axes
   269 | D:1      | Reached XP level 2. HP: 17/17 MP: 6/6
   555 | D:1      | 555 ||| DROPPING +0 club.
   951 | D:1      | 951 ||| UPGRADING to +0 cloak.
   956 | D:1      | 956 ||| UPGRADING to +0 ring mail.
   966 | D:1      | 966 ||| DROPPING +0 leather armour.
   967 | D:1      | 967 ||| UPGRADING to +4 ring of protection.
   968 | D:1      | 968 ||| READING scroll labelled GUDIGU ESMY.
   969 | D:1      | 969 ||| READING scroll labelled RUNUTU XYRA.
   970 | D:1      | 970 ||| READING scroll labelled DOGIHU HIYSKI.
   971 | D:1      | 971 ||| READING scroll labelled GIAFUDOTTU.
   975 | D:1      | 975 ||| READING scroll labelled DASTRE IHIKKA.
   976 | D:1      | 976 ||| DROPPING scroll of blinking.
   985 | D:2      | 985 ||| STAIRDANCE
  1012 | D:2      | Reached XP level 3. HP: 15/21 MP: 7/7
  1012 | D:2      | 1012 ||| STAIRDANCE
  1136 | D:2      | Found Jaesont's Book Emporium.
  1150 | D:2      | Reached skill level 4 in Axes
  1521 | D:2      | 1521 ||| SWAPPING to +2 hand axe of freezing.
  1522 | D:2      | 1522 ||| DROPPING +0 hand axe.
  1784 | D:2      | 1784 ||| UPGRADING to ring of poison resistance.
  1785 | D:2      | 1785 ||| READING scroll labelled EGEORA DOSOY.
  1786 | D:2      | 1786 ||| READING scroll labelled GOVIUWA ORHARCH.
  1787 | D:2      | 1787 ||| READING scroll labelled GUIDWA LITI.
  1788 | D:2      | 1788 ||| STAIRDANCE
  1890 | D:1      | 1890 ||| READING scroll labelled JIUZXAF SADA.
  1891 | D:1      | 1891 ||| DRINKING 2 brown potions.
  1892 | D:1      | 1892 ||| READING 3 scrolls of identify.
  1892 | D:1      | 1892 ||| IDENTIFYING metallic grey potion
  1893 | D:1      | 1893 ||| READING 2 scrolls of identify.
  1893 | D:1      | 1893 ||| IDENTIFYING bubbling brown potion
  1894 | D:1      | 1894 ||| DROPPING potion of degeneration.
  1895 | D:1      | 1895 ||| DROPPING potion of magic.
  1917 | D:3      | Found a faded altar of an unknown god.
  1918 | D:3      | 1918 ||| PLANNING SEWER
  1918 | D:3      | 1918 ||| READING scroll of teleportation.
  1919 | D:3      | 1919 ||| STAIRDANCE
  2167 | D:3      | Reached XP level 4. HP: 26/26 MP: 8/8
  2263 | D:3      | 2263 ||| DRINKING potion of curing.
  2263 | D:3      | 2263 ||| (to cure confusion)
  2269 | D:3      | Reached skill level 5 in Axes
  2272 | D:3      | 2272 ||| DROPPING +0 flail.
  2284 | D:3      | 2284 ||| Stepping ~*~*~tactically~*~*~ (hiding).
  2292 | D:3      | Slain by an orc priest

Levels and vault maps discovered:
D:1:      matt_arrival_refuge, layout_loops_ring, chequers_jeans
D:2:      layout_basic, serial_shops, shop, minmay_octomino_j4
D:3:      kennysheep_the_goblin_king, layout_loops_corners,
          grunt_temple_overflow_bloody_war, gup_sewer_entry_bubbles,
          nicolae_ecumenical_oubliette

Skill      XL: |  1  2  3  4 |
---------------+-------------+-----
Axes           | 3 4 5 |  5.2
Fighting       | |  2.0
Throwing       | |  1.0
Armour         | |  1.1
Dodging        | |  2.1
Spellcasting   | |  2.0
Translocations | |  2.4

Action                   |  1- 3 |  4- 6 || total
-------------------------+-------+-------++-------
Melee: Hand axe          |    98 |    27 ||   125
       Kick              |    15 |     4 ||    19
       Peck              |     8 |     1 ||     9
       Punch             |       |     1 ||     1
Throw: Boomerang         |     7 |       ||     7
  Use: Scroll            |    12 |       ||    12
       Potion            |     1 |     1 ||     2
Armor: Leather armour    |     9 |       ||     9
       Ring mail         |    24 |    16 ||    40
Dodge: Dodged            |    49 |    12 ||    61

Table legend:
 A = Non-vault XP
 B = Vault XP
 C = Vault XP percentage of total XP
 D = Non-vault monster count
 E = Vault monster count
 F = Vault count percentage of total count
                 A         B        C        D         E       F
            +---------+---------+-------+---------+---------+-------
      Total |     129 |      14 |   9.8 |      44 |       6 |  12.0
            +---------+---------+-------+---------+---------+-------
        D:1 |      33 |       0 |   0.0 |      22 |       0 |   0.0
        D:2 |      28 |       5 |  15.2 |      10 |       3 |  23.1
        D:3 |      68 |       9 |  11.7 |      12 |       3 |  20.0
            +---------+---------+-------+---------+---------+-------
